 Dungeon Crawl Stone Soup version 0.26-b1-52-g61e05abef2 (webtiles) character file.

Game seed: 6032043879880341452

1962 DearestLeader the Cleaver (level 9, -2/74 HPs)
             Began as a Minotaur Gladiator on Jan 7, 2021.
             Was a Believer of Okawaru.
             Killed by divine providence
             ... invoked by an orc priest
              (15 damage)
             ... on level 7 of the Dungeon.
             The game lasted 00:12:37 (6515 turns).

DearestLeader the Cleaver (Minotaur Gladiator)      Turns: 6515, Time: 00:12:38

Health: -2/74      AC: 14    Str: 21    XL:     9   Next: 0%
Magic:  10/10      EV:  8    Int:  5    God:    Okawaru [**....]
Gold:   370        SH:  5    Dex: 13    Spells: 8/8 levels left

rFire    . . .     SeeInvis .   g - +2 whip (drain)
rCold    + . .     Faith    .   (no shield)
rNeg     . . .     Spirit   .   k - +0 plate armour
rPois    .         Reflect  +   c - +0 hat
rElec    .         Harm     .   E - scarf {+Inv}
rCorr    .         Rampage  .   (no gloves)
Will     .....                  z - +0 pair of boots
Stlth    ..........             C - amulet of reflection
HPRegen  0.22/turn              D - ring of protection from cold
MPRegen  0.12/turn              (no ring)

@: no status effects
A: retaliatory headbutt, horns 2
a: Renounce Religion, Evoke Invisibility, Heroism


You were on level 7 of the Dungeon.
You worshipped Okawaru.
Okawaru was pleased with you.
You visited 2 branches of the dungeon, and saw 8 of its levels.
You also visited: Sewer and Ossuary.

You collected 370 gold pieces.

Inventory:

Hand Weapons
 a - a +0 war axe
 e - a +0 hunting sling
 g - a +2 whip of draining (weapon)
 w - a +2 flail of holy wrath
Missiles
 d - 3 throwing nets (quivered)
 r - 2 javelins
 I - 16 sling bullets
Armour
 c - a +0 hat (worn)
 k - a +0 plate armour (worn)
 q - a +0 buckler
 z - a +0 pair of boots (worn)
 E - a scarf of invisibility (worn)
 K - a +0 cloak
Jewellery
 C - an amulet of reflection (around neck)
 D - a ring of protection from cold (left hand)
 J - an uncursed ring of flight {unknown}
Wands
 p - a wand of flame (9)
 y - a wand of digging (4)
Scrolls
 b - 8 scrolls of teleportation
 i - 3 scrolls of enchant weapon
 n - a scroll of enchant armour
 s - 2 scrolls of remove curse
 A - 3 scrolls of fog
 F - 2 scrolls of fear {unknown}
 H - a scroll of random uselessness {unknown}
 M - a scroll of holy word {unknown}
 N - 2 scrolls of acquirement {unknown}
Potions
 f - 3 potions of might
 h - 2 potions of brilliance {unknown}
 j - 2 potions of flight {unknown}
 l - 4 potions of heal wounds
 m - 4 potions of attraction
 o - a potion of resistance {unknown}
 t - a potion of lignification {unknown}
 u - a potion of magic {unknown}
 v - 4 potions of curing {unknown}
 x - a potion of mutation {unknown}
 B - a potion of haste {unknown}
 G - a potion of cancellation {unknown}
 L - a potion of degeneration {unknown}


   Skills:
 + Level 5.2 Fighting
 * Level 10.6 Axes
 - Level 2.0 Throwing
 + Level 6.9 Armour
 - Level 3.2 Dodging
 + Level 3.6 Invocations


You had 8 spell levels left.
You didn't know any spells.
Your spell library contained the following spells:

 Spells                   Type           Power        Failure   Level
 Beastly Appendage        Tmut           0%           100%        1
 Wereblood                Tmut           0%           100%        2
 Spider Form              Tmut/Pois      0%           100%        3
 Ice Form                 Ice/Tmut       0%           100%        4
 Blade Hands              Tmut           0%           100%        5


Dungeon Overview and Level Annotations

Branches:
Dungeon (7/15)             Temple (1/1) D:4           Sewer (visited)
Ossuary (visited)

Altars:
Ashenzari
Cheibriados
Dithmenos
Fedhas
Gozag
Hepliaklqana
Kikubaaqudgha
Makhleb
Nemelex Xobeh
Okawaru
Ru
Sif Muna
Trog
Uskayaw
Vehumet
Yredelemnul
Zin
The Shining One

Shops:
D:6 *


Innate Abilities, Weirdness & Mutations

You reflexively headbutt those who attack you in melee.
You have a pair of horns on your head.


Message History

You hit the orc wizard. You headbutt the orc wizard.
The orc wizard is almost dead.
The orc wizard hits you but does no damage.
You closely miss the orc wizard.
The orc wizard is almost dead.
You block the orc wizard's attack.
The orc wizard hits you with a +0 dagger.
* * * LOW HITPOINT WARNING * * *
You closely miss the orc wizard.
The orc wizard is almost dead.
The orc wizard miscasts a cantrip.
You barely miss the orc wizard.
The orc wizard is almost dead.
You block the orc wizard's attack.
You hit the orc wizard.
You kill the orc wizard!
Okawaru accepts your kill.
The orc priest invokes the aid of Beogh against you.
Beogh smites you!
You die...

.........#.#.#.#.........
.........#.#.#.#.#######.
.......#.#.....#.#
#.....##.#.....#.#
##...###.#######.# ##+#
#.........# #.####.###
#..###.######
#.......@{..#
#.####.####o# ##.....##.#
#.......#.#
#.......#.###.#
......_........#
..#.......#.###.#
#..#.......#.# #.
##.....##.#


You could see an orc priest.

Vanquished Creatures
  Eustachio (D:6)
  Menkaure (D:6)
  An eye of draining (D:5)
  An ice beast (D:4)
  A phantom (D:4)
  An ogre (D:5)
  A centaur (D:5)
  A big kobold (Sewer)
  3 elf zombies (Ossuary)
  A water moccasin skeleton (D:5)
  A howler monkey (D:4)
  2 centaur zombies
  A bullfrog zombie (D:6)
  A jelly (D:5)
  A bullfrog skeleton (D:7)
  3 hounds
  3 human zombies (Ossuary)
  3 orc wizards
  A centaur skeleton (D:4)
  An orc priest (D:7)
  Jessica (D:3)
  An iguana (D:6)
  3 worker ants
  A big kobold zombie (Ossuary)
  2 mummies (Ossuary)
  8 adders
  3 gnolls
  A river rat (Sewer)
  A white imp (D:7)
  An ufetubus (D:5)
  2 oozes
  2 adder skeletons (D:5)
  3 adder zombies
  4 worms
  A dart slug (D:2)
  6 leopard geckos
  12 orcs
  3 ball pythons
  7 giant cockroaches
  7 goblins
  9 hobgoblins
  3 jackals
  3 quokkas
  9 bats
  6 frilled lizards
  2 goblin zombies
  9 hobgoblin zombies (Ossuary)
  A jackal skeleton (D:4)
  13 kobolds
  10 kobold zombies (Ossuary)
  A leopard gecko skeleton (D:6)
  7 orc zombies (Ossuary)
  3 quokka zombies
  17 rats
  A rat zombie (Ossuary)
192 creatures vanquished.

Vanquished Creatures (others)
  3 plants (D:6)
3 creatures vanquished.

Grand Total: 195 creatures vanquished

Notes
Turn   | Place    | Note
-------+----------+-------------------------------------------
     0 | D:1      | DearestLeader the Minotaur Gladiator began the quest for
                  | the Orb.
     0 | D:1      | Reached XP level 1. HP: 18/18 MP: 0/0
   182 | D:1      | Noticed a troll
   183 | D:1      | Reached skill level 4 in Axes
   285 | D:1      | Reached skill level 1 in Armour
   285 | D:1      | Reached XP level 2. HP: 15/25 MP: 1/1
   691 | D:1      | Reached XP level 3. HP: 26/30 MP: 2/2
  1110 | D:2      | Found a faded altar of an unknown god.
  1163 | D:2      | Reached skill level 5 in Axes
  1345 | D:2      | Found an opulent altar of Gozag.
  1400 | D:2      | Reached XP level 4. HP: 36/37 MP: 3/3
  1735 | D:2      | Found a blossoming altar of Fedhas.
  1936 | D:3      | Found a glowing drain.
  1980 | Sewer    | Entered a sewer
  2076 | Sewer    | Noticed a big kobold
  2097 | Sewer    | Killed a big kobold
  2098 | Sewer    | Reached skill level 6 in Axes
  2098 | Sewer    | Reached XP level 5. HP: 11/42 MP: 4/4
  2107 | Sewer    | HP: 1/42 [poisoned by a kobold]
  2340 | Sewer    | Found a white marble altar of Elyvilon.
  2687 | D:3      | Noticed Jessica
  2692 | D:3      | Killed Jessica
  2956 | D:4      | Reached skill level 7 in Axes
  3053 | D:4      | Found a shadowy altar of Dithmenos.
  3077 | D:4      | Reached XP level 6. HP: 48/50 MP: 5/5
  3096 | D:4      | Found a staircase to the Ecumenical Temple.
  3112 | Temple   | Entered the Ecumenical Temple
  3343 | D:4      | Reached skill level 8 in Axes
  3354 | D:4      | Noticed an ice beast
  3368 | D:4      | Killed an ice beast
  3369 | D:4      | Reached XP level 7. HP: 36/56 MP: 6/6
  3493 | D:4      | Reached skill level 5 in Armour
  3675 | D:5      | Entered Level 5 of the Dungeon
  3680 | D:5      | Found an iron altar of Okawaru.
  3694 | D:5      | Became a worshipper of Warmaster Okawaru
  3854 | D:5      | Found an ancient bone altar of Kikubaaqudgha.
  4225 | D:5      | Reached skill level 1 in Invocations
  4345 | D:5      | Reached skill level 9 in Axes
  4414 | D:5      | Reached XP level 8. HP: 57/64 MP: 1/8
  4543 | D:5      | Found a hazy altar of Hepliaklqana.
  4832 | D:6      | Reached * piety under Okawaru
  5147 | D:6      | Noticed Eustachio
  5208 | D:6      | Killed Eustachio
  5271 | D:6      | Found a glowing golden altar of the Shining One.
  5485 | D:6      | Found Vawke's Assorted Antiques.
  5826 | D:6      | Noticed Menkaure
  5832 | D:6      | Killed Menkaure
  5833 | D:6      | Reached skill level 10 in Axes
  6105 | D:7      | Found a sand-covered staircase.
  6131 | Ossuary  | Entered an ossuary
  6308 | Ossuary  | Reached ** piety under Okawaru
  6309 | Ossuary  | Reached skill level 5 in Fighting
  6425 | D:7      | Found a shimmering blue altar of Sif Muna.
  6479 | D:7      | Reached XP level 9. HP: 9/74 MP: 10/10
  6515 | D:7      | Killed from afar by an orc priest

Illustrated notes

Levels and vault maps discovered:
D:1:      erik_arrival_cave_to_civilisation [erik_arrival_cave_to_temple],
          layout_basic, chequers_serial_rivers_marsh
D:2:      layout_loops_cross, nicolae_gozag_seed_capital,
          nicolae_overflow_hidden_temple, chequers_ecumenical_altar_grove
D:3:      layout_basic, portal_sewer_entry_b, uniq_jessica
D:4:      cheibrodos_barr_body, layout_rooms, nicolae_dithmenos_the_darkroom,
          minmay_temple_entry_crystal_x
D:5:      layout_cave_pools, nzn_hepliaklqana_mist_gate, lemuel_round_altar,
          basic_altar
D:6:      layout_basic, tso_oasis_becter, serial_shops,
          nicolae_shop_competitors_out_of_business, uniq_eustachio,
          uniq_menkaure
D:7:      layout_loops_corners, kiku_gazebo_pond_becter, old_standard_altar,
          enter_ossuary_4, okawaru_humans
Temple:   cyrus_temple_forest

Skill      XL: |  1  2  3  4  5  6  7  8 |
---------------+-------------------------+-----
Axes           | 4 5 6 7 8 9 10 | 10.6
Armour         | 1 2 3 4 5 6 |  6.9
Fighting       | 3 5 |  5.2
Invocations    | 2 3 |  3.6
Throwing       | |  2.0
Dodging        | |  3.2

Action                   |  1- 3 |  4- 6 |  7- 9 || total
-------------------------+-------+-------+-------++-------
Melee: War axe           |    23 |       |       ||    23
       Headbutt          |    10 |    27 |    56 ||    93
       Whip              |    68 |   141 |   239 ||   448
       Flail             |       |       |    82 ||    82
  Use: Scroll            |       |     4 |     6 ||    10
       Potion            |       |     2 |       ||     2
Armor: Scale mail        |    45 |    12 |       ||    57
       Plate armour      |       |    46 |   190 ||   236
Dodge: Dodged            |    54 |    46 |    80 ||   180
Block: Other             |       |     4 |    85 ||    89
       Reflection        |       |       |     2 ||     2
